 Dungeon Crawl Stone Soup version 0.27-a0-262-gc50aac273e (webtiles) character file.

Game seed: 10832145688924139059

51 kae the Ruffian (level 3, -4/29 HPs)
             Began as a Draconian Transmuter on Feb 4, 2021.
             Slain by a worm (7 damage)
             ... on level 2 of the Dungeon.
             The game lasted 00:00:44 (1724 turns).

kae the Ruffian (Draconian Transmuter)              Turns: 1724, Time: 00:00:44

Health: -4/29      AC:  5    Str: 13    XL:     3   Next: 58%
Magic:  6/6        EV: 12    Int: 13    God:
Gold:   94         SH:  0    Dex: 11    Spells: 2/6 levels left

rFire    . . .     SeeInvis .     - Unarmed
rCold    . . .     Faith    .   (no shield)
rNeg     . . .     Spirit   .   (armour unavailable)
rPois    .         Reflect  .   (helmet restricted)
rElec    .         Harm     .   (no cloak)
rCorr    .         Rampage  .   (no gloves)
Will     .....     Rnd*Tele +   (no boots)
Stlth    +.........             (no amulet)
HPRegen  0.09/turn              b - ring of teleportation (curse)
MPRegen  0.10/turn              (no ring)

@: no status effects
A: unfitting armour, cold-blooded, AC +5
a: no special abilities


You were on level 2 of the Dungeon.
You visited 1 branch of the dungeon, and saw 2 of its levels.

You collected 94 gold pieces.

Inventory:

Jewellery
 b - a cursed ring of teleportation (left hand)
Scrolls
 a - 2 scrolls of enchant weapon {unknown}
 e - a scroll of immolation {unknown}
 f - 2 scrolls of remove curse {unknown}
 g - a scroll of teleportation {unknown}
Potions
 c - a potion of attraction {unknown}
 d - 2 potions of brilliance {unknown}
 h - 2 potions of flight {unknown}


   Skills:
 + Level 1.8 Fighting
 + Level 2.2 Dodging
 * Level 3.5 Unarmed Combat
 + Level 2.2 Spellcasting
 + Level 2.3 Transmutations
 * Level 0.5 Poison Magic


You had 2 spell levels left.
You knew the following spells:

 Your Spells              Type           Power        Failure   Level
a - Beastly Appendage     Tmut           14%          10%         1
b - Spider Form           Tmut/Pois      2%           38%         3

Your spell library contained the following spells:

 Spells                   Type           Power        Failure   Level
 Wereblood                Tmut           7%           14%         2
 Ice Form                 Ice/Tmut       4%           83%         4
 Blade Hands              Tmut           3%           95%         5


Dungeon Overview and Level Annotations

Branches:
Dungeon (2/15)

Altars:
Ashenzari
Zin


Innate Abilities, Weirdness & Mutations

Your plain brown scales are hard. (AC +5)
You cannot fit into any form of body armour.
You are cold-blooded and may be slowed by cold attacks.


Message History

You hit the worm but do no damage.
The worm is heavily wounded.
The worm closely misses you.
You barely miss the worm.
The worm is heavily wounded.
You hit the worm but do no damage.
The worm is heavily wounded.
The worm barely misses you.
You hit the worm. Your punch misses the worm.
The worm is heavily wounded.
You barely miss the worm.
The worm is heavily wounded.
The worm bites you!
* * * LOW HITPOINT WARNING * * *
You barely miss the worm.
The worm is heavily wounded.
You barely miss the worm. You tail-slap the worm.
The worm is heavily wounded.
The worm bites you!
You die...

...# ...# ...#
... ..
#######.####.#
#.....w......#
#.@.# #..####
#.###..#..
#......#.# #
##
#.#.##.#.##.#
######.
#.##......#
#......
#.....>####
#......
####..##
#......
#.####..##
#......


You could see a worm.

Vanquished Creatures
  An adder (D:2)
  2 dart slugs (D:1)
  4 leopard geckos (D:1)
  2 giant cockroaches (D:1)
  6 goblins
  3 hobgoblins
  4 kobolds
  2 ball pythons (D:1)
  5 bats
  2 frilled lizards
  5 rats
36 creatures vanquished.

Notes
Turn   | Place    | Note
-------+----------+-------------------------------------------
     0 | D:1      | kae the Draconian Transmuter began the quest for the Orb.
     0 | D:1      | Reached XP level 1. HP: 16/16 MP: 3/3
   316 | D:1      | Reached XP level 2. HP: 3/23 MP: 3/5
  1130 | D:1      | Reached XP level 3. HP: 29/29 MP: 6/6
  1134 | D:1      | Learned a level 3 spell: Spider Form
  1293 | D:1      | Found a broken altar of Ashenzari.
  1537 | D:2      | Found a glowing silver altar of Zin.
  1724 | D:2      | Slain by a worm

Illustrated notes

Levels and vault maps discovered:
D:1:      dpeg_arrival_lava_temple_mockup, layout_rooms, ashenzari_altar_1
D:2:      layout_loops_cross, nicolae_overflow_crystal_walls, minmay_hexomino_p4

Skill      XL: |  1  2 |
---------------+-------+-----
Dodging        | 2 |  2.2
Fighting       | |  1.8
Unarmed Combat | |  3.5
Spellcasting   | |  2.2
Transmutations | |  2.3
Poison Magic   | |  0.5

Action                   || total
-------------------------++-------
Melee: Unarmed           ||   138
       Headbutt          ||     6
       Tailslap          ||    12
       Kick              ||    14
       Punch             ||     2
 Cast: Beastly Appendage ||    17
Armor: Skin              ||    50
Dodge: Dodged            ||    92

Table legend: (Time is in decaauts)
 A = Elapsed time spent in this place.
 B = Non-inter-level travel time spent in this place.
 C = Inter-level travel time spent in this place.
 D = Time resting spent in this place.
 E = Time spent auto-exploring this place.
 F = Levels seen in this place.
 G = Mean time per level.
                   A        B        C        D        E       F      G
               +--------+--------+--------+--------+--------+-----+--------+
         Total |   1714 |   1678 |     36 |      0 |   1414 |   2 |  857.0 |
       Dungeon |   1714 |   1678 |     36 |      0 |   1414 |   2 |  857.0 |
               +--------+--------+--------+--------+--------+-----+--------+

Top non-repeatable levels by time:
     D:1: 1428 daAuts
     D:2: 286 daAuts
